Map: Big Game Hunters (No-Unit-Limit) Full Custom

Players

homtaStic

  • Race: Protoss Protoss
  • League: Diamond
  • Spawn Location: 12:00

osman-2 - Winner!

  • Race: Terran Terran
  • Spawn Location: 6:00

osman-3 - Winner!

  • Race: Zerg Zerg
  • Spawn Location: 5:00

osman-4 - Winner!

  • Race: Protoss Protoss
  • Spawn Location: 3:00

osman-5 - Winner!

  • Race: Terran Terran
  • Spawn Location: 7:00

osman-6 - Winner!

  • Race: Zerg Zerg
  • Spawn Location: 1:00

osman-7 - Winner!

  • Race: Protoss Protoss
  • Spawn Location: 9:00

osman-8 - Winner!

  • Race: Protoss Protoss
  • Spawn Location: 11:00

VOD

Have the link to the VOD?

Description

Time

  • Played on: June 29, 2019, 3:36 p.m.
  • Length: 3:09
Show
View Real Time Build Order
Export as new Build Order

homtaStic Protoss 

Build Orders: 1 Gate Expand 

Get SALT Encoding   

    0:01  Probe x2  
    0:09  Probe x2  
    0:21  Probe x2  
    0:32  Pylon  
    0:33  Probe x2  
    0:40  Gateway  
    0:49  Probe x2  
    0:58  Probe x2  
    1:06  Probe x2  
    1:18  Nexus  
    1:27  Probe x2  
    1:32  Cybernetics Core  
    1:35  Assimilator  
    1:39  Probe x2  
    1:45  Gateway  
    1:50  Assimilator  
    1:51  Probe x2  
    2:01  Probe x2  
    2:05  Forge  
    2:09  Probe x2  
    2:16  Assimilator  
    2:17  Probe x2  
    2:21  Assimilator  
    2:25  Gateway  
    2:29  Probe x2  
    2:30  Probe x2  
    2:39  Probe x2  
    2:40  Robotics Facility  
    2:42  Probe x2  
    2:49  Probe x2  
    2:53  Gateway  
    2:54  Probe x2  
Show
View Real Time Build Order
Export as new Build Order

osman-2 Terran - Winner!

Build Orders:  

Get SALT Encoding   

    0:01  SCV x2  
    0:17  Supply Depot  
    0:19  SCV x2  
    0:28  Refinery  
    0:42  Barracks  
    0:43  SCV x2  
    0:55  SCV x2  
    1:26  Supply Depot  
    1:30  Orbital Command, Marine x2  
    1:40  Barracks  
    1:43  Refinery  
    1:48  Marine x2  
    1:56  SCV x2  
    1:59  Supply Depot  
    2:06  Marine x2  
    2:15  SCV x2  
    2:24  Marine x2  
    2:26  Supply Depot  
    2:27  Marine x2  
    2:49  Factory, Marine x2, SCV x2  
    2:59  Supply Depot  
Show
View Real Time Build Order
Export as new Build Order

osman-3 Zerg - Winner!

Build Orders: Pool Only 

Get SALT Encoding   

    0:01  Drone x2  
    0:08  Drone x2  
    0:32  Spawning Pool  
    0:33  Drone x2  
    0:39  Extractor  
    0:42  Drone x2  
    0:46  Drone x2  
    1:09  Overlord x2  
    1:20  Queen x2  
    1:22  Zergling x4  
    1:25  Roach Warren  
    1:46  Overlord x2  
    2:06  Roach x2  
    2:22  Roach x2  
Show
View Real Time Build Order
Export as new Build Order

osman-4 Protoss - Winner!

Build Orders:  

Get SALT Encoding   

    0:01  Probe x2  
    0:16  Probe x2  
    0:18  Pylon  
    0:33  Probe x2  
    0:35  Gateway  
    0:43  Assimilator  
    0:53  Probe x2  
    0:55  Pylon  
    1:05  Probe x2  
    1:23  Zealot x2  
    1:25  Probe x2, Assimilator  
    1:29  Cybernetics Core  
    1:48  Probe x2  
    1:51  Pylon  
    1:57  Stalker x2  
    2:14  Probe x2  
    2:16  Gateway  
    2:28  Twilight Council  
    2:40  Gateway  
    2:59  Pylon  
Show
View Real Time Build Order
Export as new Build Order

osman-5 Terran - Winner!

Build Orders:  

Get SALT Encoding   

    0:01  SCV x2  
    0:17  Supply Depot  
    0:19  SCV x2  
    0:28  Refinery  
    0:43  SCV x2, Barracks  
    0:55  SCV x2  
    1:24  Supply Depot  
    1:30  Marine x2  
    1:31  Orbital Command  
    1:37  Barracks  
    1:40  Refinery  
    1:48  Marine x2  
    1:57  Supply Depot, SCV x2  
    2:06  Marine x2  
    2:15  SCV x2  
    2:24  Marine x2  
    2:27  Supply Depot  
    2:28  Marine x2  
    2:46  Factory  
    2:49  SCV x2  
    3:00  Supply Depot  
Show
View Real Time Build Order
Export as new Build Order

osman-6 Zerg - Winner!

Build Orders: Pool Only 

Get SALT Encoding   

    0:01  Drone x2  
    0:29  Spawning Pool  
    0:32  Extractor  
    0:34  Drone x2  
    0:39  Drone x2  
    1:14  Overlord x2  
    1:17  Zergling x12, Queen x2  
    1:38  Zergling x4  
    1:49  Zergling x4  
    2:00  Zergling x4  
    2:11  Zergling x4, Overlord x2  
    2:22  Zergling x4  
    2:24  Drone x4  
    2:33  Drone x2  
    2:41  Roach Warren  
    2:47  Extractor  
    2:55  Drone x2  
Show
View Real Time Build Order
Export as new Build Order

osman-7 Protoss - Winner!

Build Orders:  

Get SALT Encoding   

    0:01  Probe x2  
    0:16  Probe x2  
    0:18  Pylon  
    0:33  Probe x2  
    0:37  Gateway  
    0:44  Assimilator  
    0:53  Probe x2  
    0:56  Pylon  
    1:05  Probe x2  
    1:27  Zealot x2  
    1:30  Cybernetics Core  
    1:33  Gateway  
    1:38  Probe x2, Pylon  
    1:46  Assimilator  
    1:50  Probe x2  
    1:57  Adept x2  
    2:27  Robotics Facility  
    2:29  Adept x2  
    2:30  Probe x2  
    2:34  Adept x2  
    2:38  Pylon  
Show
View Real Time Build Order
Export as new Build Order

osman-8 Protoss - Winner!

Build Orders:  

Get SALT Encoding   

    0:01  Probe x2  
    0:16  Probe x2  
    0:18  Pylon  
    0:33  Probe x2  
    0:36  Gateway  
    0:44  Assimilator  
    0:53  Probe x2  
    0:56  Pylon  
    1:04  Probe x2  
    1:23  Zealot x2  
    1:25  Cybernetics Core  
    1:31  Gateway  
    1:37  Probe x2  
    1:41  Pylon  
    1:50  Probe x2  
    2:05  Adept x2  
    2:07  Gateway  
    2:17  Gateway  
    2:18  Adept x2  
    2:31  Pylon  
    2:35  Adept x2  
    2:48  Pylon  
Tags
 
Add a new tag
Caveats
  • Supply blocks, unpowered buildings, or Contaminate may cause inaccurate times.
  • Supply counts are checked every 10 seconds.